 Dungeon Crawl Stone Soup version 0.15.2 (webtiles) character file.

59 kae the Sneak (level 3, -1/16 HPs)
             Began as a Spriggan Enchanter on Dec 21, 2014.
             Was an Initiate of Dithmenos.
             Slain by a worm (8 damage)
             ... on Level 2 of the Dungeon.
             The game lasted 00:02:13 (1333 turns).

kae the Sneak (Spriggan Enchanter)                  Turns: 1333, Time: 00:02:13

HP  -1/16        AC  3     Str  5      XL: 3   Next: 78%
MP   2/10        EV 18     Int 16      God: Dithmenos [......]
Gold 55          SH  0     Dex 16      Spells:  2 memorised,  5 levels left

rFire  . . .     SeeInvis +     a - +1 dagger
rCold  . . .     Clarity  .     b - +1 robe
rNeg   . . .     rCorr    .     (shield restricted)
rPois  .         rRot     .     (helmet restricted)
rElec  .         Spirit   .     (no cloak)
SustAb .         Warding  .     (gloves unavailable)
rMut   .         Stasis   .     (boots unavailable)
Gourm  .                        (no amulet)
MR     .....                    (no ring)
                                (no ring)

@: very slightly contaminated, very quick, not resistant to hostile
enchantments, fairly stealthy
A: unfitting armour, see invisible, herbivore 3, speed 3, slow metabolism 2
a: Renounce Religion


You were on level 2 of the Dungeon.
You worshipped Dithmenos.
Dithmenos was noncommittal.
You were not hungry.

You visited 1 branch of the dungeon, and saw 2 of its levels.

You collected 55 gold pieces.

Inventory:

Hand weapons
 a - a +1 dagger (weapon)
Armour
 b - a +1 robe (worn)
Comestibles
 h - a bread ration
Scrolls
 e - a scroll of teleportation {unknown}
 f - a scroll of fog {unknown}
 g - 3 scrolls of remove curse {unknown}
Potions
 d - a potion of porridge
Books
 c - a book of Maledictions

   Spells                             Type                      Level
   *Corona                            Hexes                        1
   Sure Blade                         Hexes/Charms                 2
   *Ensorcelled Hibernation           Hexes/Ice                    2
   Confuse                            Hexes                        3
   Dazzling Spray                     Conjuration/Hexes            3
   Enslavement                        Hexes                        4


   Skills:
 * Level 2.8 Short Blades
 - Level 3.0 Dodging
 * Level 5.5 Stealth
 + Level 3.0 Spellcasting
 + Level 3.9 Hexes


You had 5 spell levels left.
You knew the following spells:

 Your Spells              Type           Power        Failure   Level  Hunger
a - Corona                Hex            ###....      4%          1    #......
b - Ensorcelled Hibernat  Hex/Ice        #.....       14%         2    ##.....


Dungeon Overview and Level Annotations

Branches:
Dungeon (2/15)

Altars:
Ashenzari
Cheibriados
Dithmenos
Makhleb
Qazlal


Innate Abilities, Weirdness & Mutations

You are tiny and cannot use many weapons and most armour.
You have supernaturally acute eyesight.
You are a herbivore.
You cover ground extremely quickly.
You need consume almost no food.


Message History

Aim: a giant gecko (clinging)
The giant gecko resists with significant effort.
The giant gecko hisses menacingly.
The giant gecko closely misses you.
You hit the giant gecko.
The giant gecko is severely wounded.
The giant gecko misses you.
Casting: Ensorcelled Hibernation
Confirm with . or Enter, or press ? or * to list all spells.
Aiming: Ensorcelled Hibernation
Press: ? - help, Shift-Dir - straight line, f/p - giant gecko
Aim: a giant gecko (severely wounded, clinging)
You miscast Ensorcelled Hibernation.
Strange energies run through your body. The giant gecko closely misses you.
You hit the giant gecko.
You kill the giant gecko!
Dithmenos accepts your kill. The worm bites you!
Ouch! That really hurt!
You die...

## #......# ##8%.8### ..
#......# ####...##.# [ #.
#......###.........# .##.
##....).##.######### ....##
#......##.#.....# .....#
#......##.......#
.....###......##...#####
....(..)(.>........#
....#.####+##..w@..#
........ #.....(%..#
l##.##..##.#.#+###.# ...
g... #.#.....# ....
..##.#.##....##############
.... ... #.
+....'............. ..K
.#.# ## #...(#############.
# . #....# #.....#. #....#
#.#[###.


You could see a worm.

Vanquished Creatures
  3 adders (D:2)
  3 giant geckos
  A giant cockroach (D:1)
  5 goblins
  2 hobgoblins
  5 bats
  2 giant newts (D:1)
  4 kobolds
  5 rats
30 creatures vanquished.

Notes
Turn   | Place    | Note
--------------------------------------------------------------
     0 | D:1      | kae, the Spriggan Enchanter, began the quest for the Orb.
     0 | D:1      | Reached XP level 1. HP: 9/9 MP: 4/4
   225 | D:1      | Reached XP level 2. HP: 11/13 MP: 7/7
   353 | D:1      | Learned a level 2 spell: Ensorcelled Hibernation
   416 | D:1      | Reached skill level 5 in Stealth
   777 | D:2      | Found a snail-covered altar of Cheibriados.
   991 | D:2      | Reached XP level 3. HP: 11/16 MP: 2/9
  1048 | D:2      | Found a shattered altar of Ashenzari.
  1048 | D:2      | Found a stormy altar of Qazlal.
  1051 | D:2      | Found a burning altar of Makhleb.
  1053 | D:2      | Found a shadowy altar of Dithmenos.
  1059 | D:2      | Became a worshipper of Dithmenos the Shadowed
  1333 | D:2      | Slain by a worm

Action                   || total
-------------------------++-------
Melee: Dagger            ||    95
 Cast: Corona            ||     1
       Ensorcelled Hiber ||    21
 Stab: Sleeping          ||    17
